 Dungeon Crawl Stone Soup version 0.26-a0-812-g31a745ddcd (webtiles) character file.

Game seed: 3959102841094365375

2430 kae the Ruffian (level 9, -1/73 HPs)
             Began as a Grey Draconian Transmuter on Nov 24, 2020.
             Was a Believer of Wu Jian.
             Slain by an ogre
             ... wielding a +0 giant spiked club
              (26 damage)
             ... on level 7 of the Dungeon.
             The game lasted 00:05:29 (8489 turns).

kae the Ruffian (Grey Draconian Transmuter)         Turns: 8489, Time: 00:05:30

Health: -1/73      AC:  2    Str: 15    XL:     9   Next: 24%
Magic:  23/24      EV: 22    Int: 14    God:    Wu Jian [**....]
Gold:   488        SH:  0    Dex: 17    Spells: 4/17 levels left

rFire    . . .     SeeInvis .     - Unarmed
rCold    . . .     Faith    .   (shield currently unavailable)
rNeg     . . .     Spirit   .   (armour unavailable)
rPois    x         Reflect  .   (helmet currently unavailable)
rElec    .         Harm     .   (cloak currently unavailable)
rCorr    .         Rampage  .   (gloves currently unavailable)
MR       .....                  (boots currently unavailable)
Stlth    ++........             (no amulet)
HPRegen  0.22/turn              i - ring of wizardry
MPRegen  0.19/turn              a - ring of magical power

@: spider-form
A: tiny, (walk through water), unfitting armour, mutation resistance 1, AC +12
a: End Transformation, Wall Jump, Renounce Religion


You were on level 7 of the Dungeon.
You worshipped Wu Jian.
Wu Jian was pleased with you.
You were a venomous arachnid creature.
You visited 2 branches of the dungeon, and saw 8 of its levels.

You collected 488 gold pieces.

Inventory:

Armour
 c - a +1 pair of gloves (melded)
 q - a +2 cloak (melded)
Jewellery
 a - a ring of magical power (right front leg)
 i - a ring of wizardry (left front leg)
 j - an uncursed ring of protection from cold
Wands
 f - a wand of polymorph (11)
 l - a wand of iceblast (7)
 m - a wand of disintegration (13)
Scrolls
 b - 4 scrolls of teleportation
 d - a scroll of enchant weapon
 e - 2 scrolls of magic mapping
 k - a scroll of enchant armour
 n - 2 scrolls of remove curse
 o - a scroll of fear
 r - 2 scrolls of identify
 s - a scroll of fog
Potions
 g - a potion of lignification
 h - a potion of berserk rage
 p - a potion of curing


   Skills:
 + Level 4.8 Fighting
 + Level 4.4 Dodging
 * Level 7.2 Unarmed Combat
 + Level 4.5 Spellcasting
 * Level 6.6 Transmutations
 - Level 3.0 Poison Magic


You had 4 spell levels left.
You knew the following spells:

 Your Spells              Type           Power        Failure   Level
a - Beastly Appendage     Tmut           ###...       2%          1
b - Spider Form           Tmut/Pois      ###.......   9%          3
c - Blade Hands           Tmut           ###.......   26%         5
d - Ice Form              Ice/Tmut       ##......     32%         4

Your spell library contained the following spells:

 Spells                   Type           Power        Failure   Level
 Wereblood                Tmut           ###.....     3%          2


Dungeon Overview and Level Annotations

Branches:
Dungeon (7/15)             Temple (1/1) D:4

Altars:
Ashenzari
Cheibriados
Dithmenos
Elyvilon
Fedhas
Gozag
Hepliaklqana
Kikubaaqudgha
Makhleb
Okawaru
Qazlal
Ru
Sif Muna
Trog
Uskayaw
Vehumet
Wu Jian
Xom
Yredelemnul
Zin
The Shining One


Innate Abilities, Weirdness & Mutations

((You can walk through water.))
((Your dull iron-grey scales are very hard. (AC +12)))
You cannot fit into any form of body armour.
((You can survive without breathing.))
((You are cold-blooded and may be slowed by cold attacks.))
You are somewhat resistant to further mutation.


Message History

The orc is almost dead.
The orc drinks a potion.
The orc is healed!
You bite the orc!
You kill the orc!
The Council accepts your kill.
You hit the ogre.
The ogre is lightly wounded.
The ogre hits you with a +0 giant spiked club!!
You are too injured to fight recklessly!
You hit the ogre.
The ogre is moderately wounded.
The ogre completely misses you.
You completely miss the ogre.
The ogre is moderately wounded.
You are too injured to fight recklessly!
You are too injured to fight recklessly!
You hit the ogre.
The ogre is poisoned.
The ogre is heavily wounded.
The ogre hits you with a +0 giant spiked club!!
You die...

.###....#######
#....#
#....#######.
####.........
#.#######. #.#
#.#
.######O#######
.......s.)....#
......$)####.##
.########


You could see an ogre (very poisoned).

Vanquished Creatures
  Pikel (D:4)
  Menkaure (D:6)
  A sky beast (D:6)
  3 centaurs
  3 ogres
  A bullfrog (D:6)
  10 wights (D:6)
  A centaur zombie (D:3)
  3 hounds
  3 orc wizards
  A bullfrog skeleton (D:7)
  4 orc priests
  A jelly (D:6)
  2 iguanas (D:5)
  2 worker ants
  A hound zombie (D:6)
  A worker ant zombie (D:5)
  Robin (D:3)
  7 gnolls (D:6)
  7 adders
  A shadow imp (D:7)
  2 white imps (D:6)
  An ooze (D:4)
  An adder skeleton (D:5)
  A worm (D:2)
  A dart slug (D:2)
  2 leopard geckos
  14 orcs
  12 bats
  3 giant cockroaches
  13 goblins
  4 hobgoblins
  16 jackals
  A quokka (D:6)
  2 frilled lizards (D:1)
  6 kobolds
  A leopard gecko skeleton (D:7)
  A quokka zombie (D:7)
  6 rats
142 creatures vanquished.

Notes
Turn   | Place    | Note
-------+----------+-------------------------------------------
     0 | D:1      | kae the Draconian Transmuter began the quest for the Orb.
     0 | D:1      | Reached XP level 1. HP: 16/16 MP: 3/3
   234 | D:1      | Reached XP level 2. HP: 23/23 MP: 3/5
   809 | D:1      | Found a broken altar of Ashenzari.
  1210 | D:2      | Reached XP level 3. HP: 9/28 MP: 6/6
  1517 | D:2      | Learned a level 3 spell: Spider Form
  2339 | D:3      | Noticed Robin
  2453 | D:3      | Reached XP level 4. HP: 35/35 MP: 5/7
  2460 | D:3      | Killed Robin
  3222 | D:3      | Gained mutation: You are somewhat resistant to further
                  | mutation. [potion of mutation]
  3234 | D:3      | Reached skill level 1 in Poison Magic
  3234 | D:3      | Reached XP level 5. HP: 8/41 MP: 8/8
  3838 | D:3      | Reached skill level 4 in Unarmed Combat
  4034 | D:4      | Reached XP level 6. HP: 23/48 MP: 3/10
  4362 | D:4      | Found a staircase to the Ecumenical Temple.
  4370 | D:4      | Noticed Pikel
  4401 | D:4      | Killed Pikel
  4401 | D:4      | Reached skill level 5 in Unarmed Combat
  4401 | D:4      | Your scales start taking on a dull iron-grey colour.
  4401 | D:4      | Reached XP level 7. HP: 29/57 MP: 9/11
  4401 | D:4      | Gained mutation: You can survive without breathing. [Grey
                  | Draconian growth]
  4568 | Temple   | Entered the Ecumenical Temple
  4635 | Temple   | Became a worshipper of the Wu Jian Council
  5451 | D:5      | Entered Level 5 of the Dungeon
  5617 | D:5      | Reached skill level 5 in Transmutations
  5617 | D:5      | Reached XP level 8. HP: 8/63 MP: 7/13
  6001 | D:6      | Learned a level 5 spell: Blade Hands
  6006 | D:6      | Learned a level 4 spell: Ice Form
  6379 | D:5      | Reached * piety under Wu Jian
  6719 | D:5      | Reached skill level 6 in Unarmed Combat
  6888 | D:5      | Found a broken altar of Ashenzari.
  7287 | D:6      | Noticed Menkaure
  7529 | D:6      | Killed Menkaure
  7742 | D:6      | Reached XP level 9. HP: 72/72 MP: 9/15
  8232 | D:7      | Found a bloodstained altar of Trog.
  8248 | D:7      | Reached skill level 7 in Unarmed Combat
  8262 | D:7      | Reached ** piety under Wu Jian
  8489 | D:7      | Slain by an ogre

Illustrated notes

Levels and vault maps discovered:
D:1:      kilobyte_arrival_exit_the_forest, layout_basic, ashenzari_altar_1
D:2:      layout_loops_ring
D:3:      layout_loops_ring, nrook_uturn, supply_closet_lemuel, uniq_robin
D:4:      layout_layer_cave, minmay_temple_entry_overgrown, uniq_pikel
D:5:      layout_basic, basic_altar, kennysheep_cross_room
D:6:      layout_rooms, dk_noncrumbling_2, chequers_serial_rivers_room_b,
          uniq_menkaure
D:7:      layout_basic, nemelex_altar_shiori, bloody_trog
Temple:   compressed_dpeg_triangle_lava_temple

Skill      XL: |  1  2  3  4  5  6  7  8  9 |
---------------+----------------------------+-----
Dodging        | 2 3 4 |  4.4
Transmutations | 3 4 5 6 |  6.6
Poison Magic   | 1 3 |  3.0
Fighting       | 2 3 4 |  4.8
Unarmed Combat | 4 5 6 7 |  7.2
Spellcasting   | 3 4 |  4.5

Action                   |  1- 3 |  4- 6 |  7- 9 || total
-------------------------+-------+-------+-------++-------
Melee: Unarmed           |   153 |    99 |   238 ||   490
       Kick              |    21 |     5 |     6 ||    32
       Headbutt          |     4 |     6 |     3 ||    13
       Tailslap          |     5 |     5 |     6 ||    16
       Punch             |       |       |     1 ||     1
 Cast: Beastly Appendage |    27 |    10 |     8 ||    45
       Spider Form       |     1 |     6 |    21 ||    28
       Blade Hands       |       |       |     5 ||     5
Invok: Lunge             |       |       |    15 ||    15
       Whirlwind         |       |       |     1 ||     1
  Use: Scroll            |     5 |       |     6 ||    11
       Potion            |       |     7 |     2 ||     9
Armor: Skin              |    94 |    19 |    36 ||   149
Dodge: Dodged            |   152 |    80 |   171 ||   403

Table legend: (Time is in decaauts)
 A = Elapsed time spent in this place.
 B = Non-inter-level travel time spent in this place.
 C = Inter-level travel time spent in this place.
 D = Time resting spent in this place.
 E = Time spent auto-exploring this place.
 F = Levels seen in this place.
 G = Mean time per level.
                   A        B        C        D        E       F      G
               +--------+--------+--------+--------+--------+-----+--------+
         Total |   8465 |   8194 |    271 |    465 |   6560 |   8 | 1058.1 |
       Dungeon |   8368 |   8109 |    259 |    465 |   6496 |   7 | 1195.4 |
        Temple |     96 |     84 |     12 |      0 |     64 |   1 |   96.0 |
               +--------+--------+--------+--------+--------+-----+--------+

Top non-repeatable levels by time:
     D:3: 1718 daAuts
     D:5: 1613 daAuts
     D:4: 1326 daAuts
     D:2: 1259 daAuts
     D:6: 1125 daAuts
     D:1: 1048 daAuts
     D:7: 276 daAuts
  Temple: 96 daAuts
